 Dungeon Crawl Stone Soup version 0.18-a0-1604-gf68bb23 (webtiles) character file.

1009 Geeful the Changer (level 8, -12/48 HPs)
             Began as an Octopode Transmuter on Mar 21, 2016.
             Mangled by Crazy Yiuf
             ... wielding a +4 quarterstaff of chaos
              (13 damage)
             ... on level 6 of the Dungeon.
             The game lasted 00:26:32 (6979 turns).

Geeful the Changer (Octopode Transmuter)            Turns: 6979, Time: 00:26:32

Health: -12/48     AC:  5    Str: 10    XL:     8   Next: 21%
Magic:  14/17      EV: 20    Int: 15    God:
Gold:   279        SH:  0    Dex: 19    Spells: 2 memorised, 15 levels left

rFire  . . .     SeeInvis .       - Unarmed
rCold  . . .     Gourm    .     (shield currently unavailable)
rNeg   . . .     Faith    .     (helmet currently unavailable)
rPois  x         Spirit   .     (no amulet)
rElec  .         Dismiss  .     s - +3 ring of protection
rCorr  .         Reflect  .     (no ring)
SustAt .         Harm     .     (no ring)
MR     .....                    (no ring)
Stlth  ++........               (no ring)
                                (no ring)
                                (no ring)
                                (no ring)

@: spider-form (expiring), hasted, very quick, not resistant to hostile
enchantments, unstealthy
A: almost no armour, (amphibious), 8 rings, (constrict 8), (camouflage 0),
(gelatinous body 0)
a: End Transformation


You were on level 6 of the Dungeon.
You were hungry.
You were a venomous arachnid creature.
You visited 1 branch of the dungeon, and saw 6 of its levels.

You collected 279 gold pieces.

Inventory:

Hand Weapons
 k - a +0 dagger
 l - a +0 short sword
 r - a +1 spear of piercing (melded)
 y - a +0 long sword of holy wrath
Missiles
 a - 103 arrows
 h - 10 tomahawks
 j - 2 javelins (quivered)
 A - a throwing net
Jewellery
 s - a +3 ring of protection (left front leg)
 z - an uncursed ring of ice {unknown}
Scrolls
 d - 2 scrolls of amnesia
 e - 2 scrolls of fog {unknown}
 f - a scroll of noise {unknown}
 g - 3 scrolls of enchant armour {unknown}
 m - 3 scrolls of identify
 n - 3 scrolls of recharging {unknown}
 o - 3 scrolls of remove curse {unknown}
 p - 2 scrolls of magic mapping {unknown}
 u - 2 scrolls of enchant weapon {unknown}
 w - 3 scrolls of teleportation {unknown}
Potions
 v - a potion of mutation {unknown}
 x - a potion of brilliance {unknown}
 B - 2 potions of flight {unknown}
Books
 b - a book of Changes

   Spells                             Type                      Level
   a - Beastly Appendage              Transmutation                1
   b - Sticks to Snakes               Transmutation                2
   c - Spider Form                    Transmutation/Poison         3
   d - Ice Form                       Ice/Transmutation            4
   e - Blade Hands                    Transmutation                5
Comestibles
 c - 7 bread rations
 i - 3 meat rations
 t - 2 beef jerkies
 D - a slice of pizza


   Skills:
 - Level 1.0 Fighting
 - Level 2.0 Dodging
 + Level 3.4 Unarmed Combat
 - Level 6.0 Spellcasting
 + Level 6.8 Transmutations


You had 15 spell levels left.
You knew the following spells:

 Your Spells              Type           Power        Failure   Level  Hunger
a - Beastly Appendage     Trmt           ####..       4%          1    None
b - Spider Form           Trmt/Pois      ##........   32%         3    ##.....


Dungeon Overview and Level Annotations

Branches:
Dungeon (6/15)
 Temple: D:4-7

Altars:
Dithmenos
Ru
Trog
Zin

Shops:
D:5 *

Annotations:
D:3 Ultraviolent4's ghost, amateur MfEn
D:6 Crazy Yiuf


Innate Abilities, Weirdness & Mutations

You cannot wear most types of armour.
((You are amphibious.))
You can wear up to eight rings at the same time.
((You can use your tentacles to constrict eight enemies at once.))
((Your skin changes colour to match your surroundings (Stealth).))
((Your rubbery body absorbs attacks (AC +1).))


Message History

You hit Crazy Yiuf.
Crazy Yiuf is moderately wounded.
Crazy Yiuf hits you with a quarterstaff of chaos.
You suddenly lose the ability to move!
Crazy Yiuf hits you with a quarterstaff of chaos!
You feel your power leaking away. Crazy Yiuf barely misses you.
You are feeling hungry.
Crazy Yiuf hits you but does no damage.
Crazy Yiuf hits you with a quarterstaff of chaos!
* * * LOW HITPOINT WARNING * * *
Crazy Yiuf hits you with a quarterstaff of chaos.
* * * LOW HITPOINT WARNING * * *
You can move again.
Drink which item? (? for menu, Esc to quit)
Okay, then.
Drink which item? (? for menu, Esc to quit)
You feel yourself speed up.
Crazy Yiuf hits you with a quarterstaff of chaos!
You die...

♣♣.♣.♣
#........#
♣♣.♣♣
........#
♣♣.♣ ♣.♣♣
♣♣.♣ ♣.♣♣
##'##
#...#
#.s.#
#)g.#
#####


You could see Crazy Yiuf.

Vanquished Creatures
  An ice beast (D:5)
  An ogre (D:5)
  A centaur (D:5)
  2 scorpions (D:5)
  3 crimson imps
  A giant frog zombie (D:5)
  A centaur zombie (D:6)
  2 centaur skeletons (D:4)
  2 orc priests (D:5)
  3 hounds
  A jelly (D:5)
  An orc wizard (D:5)
  Robin (D:2)
  6 gnolls
  An adder (D:2)
  A shadow imp (D:5)
  2 oozes
  5 worms
  3 dart slugs
  6 giant geckos
  4 orcs
  8 giant cockroaches
  14 goblins
  14 hobgoblins
  11 jackals
  4 quokkas
  3 ball pythons
  4 bats (D:2)
  7 giant newts
  9 kobolds
  8 rats
130 creatures vanquished.

Notes
Turn   | Place    | Note
--------------------------------------------------------------
     0 | D:1      | Geeful the Octopode Transmuter began the quest for the Orb.
     0 | D:1      | Reached XP level 1. HP: 13/13 MP: 3/3
   504 | D:1      | Reached XP level 2. HP: 18/18 MP: 5/5
   841 | D:1      | Reached XP level 3. HP: 16/23 MP: 6/6
  1954 | D:2      | Learned a level 3 spell: Spider Form
  1993 | D:2      | Reached XP level 4. HP: 28/28 MP: 4/8
  2478 | D:2      | Noticed Robin
  2507 | D:2      | Killed Robin
  3072 | D:3      | Found a shadowy altar of Dithmenos.
  3187 | D:3      | Noticed Ultraviolent4's ghost (amateur MfEn)
  3563 | D:2      | Reached XP level 5. HP: 33/33 MP: 10/10
  3738 | D:3      | Found a sacrificial altar of Ru.
  4615 | D:4      | Reached XP level 6. HP: 38/38 MP: 10/12
  5206 | D:5      | Entered Level 5 of the Dungeon
  5238 | D:5      | Reached skill level 5 in Transmutations
  5335 | D:5      | Found Zin's Purification Station.
  5338 | D:5      | Found a glowing silver altar of Zin.
  5375 | D:5      | Noticed an ice beast
  5430 | D:5      | Reached XP level 7. HP: 37/43 MP: 14/14
  5480 | D:5      | Found a bloodstained altar of Trog.
  5601 | D:5      | Reached skill level 5 in Spellcasting
  6269 | D:5      | Reached XP level 8. HP: 37/48 MP: 16/16
  6966 | D:6      | Noticed Crazy Yiuf
  6972 | D:6      | Paralysed by Crazy Yiuf for 6 turns
  6978 | D:6      | HP: 1/48 [Crazy Yiuf/quarterstaff of chaos (4)]
  6979 | D:6      | Mangled by Crazy Yiuf

Vault maps used:
D:1:      elethiomel_arrival_infinity_welcomes_careful_drivers, minmay_cut_off
D:2:      uniq_robin
D:3:      nicolae_ru_the_path_less_chosen, overflow_temple_1_default,
          kennysheep_generic_room_13
D:4:      first_bread
D:5:      zin_purify, basic_altar, minmay_misc_feat_hallway
D:6:      minmay_temple_entry_mist, uniq_crazy_yiuf_cottage

Skill      XL: |  1  2  3  4  5  6  7  8 |
---------------+-------------------------+-----
Transmutations | 3 4 5 6 |  6.8
Spellcasting   | 3 4 5 6 |  6.0
Fighting       | |  1.0
Dodging        | |  2.0
Unarmed Combat | |  3.4

Action                   |  1- 3 |  4- 6 |  7- 9 || total
-------------------------+-------+-------+-------++-------
Melee: Unarmed           |    45 |    37 |    20 ||   102
       Dagger            |    30 |       |       ||    30
       Short sword       |    26 |    50 |       ||    76
       Spear             |       |    97 |    48 ||   145
Throw: Tomahawk          |       |     4 |    10 ||    14
       Javelin           |       |     4 |       ||     4
 Cast: Spider Form       |     1 |     5 |     5 ||    11
  Use: Scroll            |       |     4 |       ||     4
       Potion            |       |     1 |     3 ||     4
 Stab: Sleeping          |     4 |    12 |     3 ||    19
       Distracted        |       |     1 |       ||     1
  Eat: Chunk             |     3 |    11 |     3 ||    17
       Fruit             |       |       |     3 ||     3
